 Dungeon Crawl Stone Soup version 0.31.0-32-g396128a36d (webtiles) character file.

Game seed: 1531849083621643333

756 FexLirch the Ruffian (level 7, -4/61 HPs)
             Began as a Ghoul Monk on Apr 17, 2024.
             Splashed by a jelly's acid (10 damage)
             ... on level 4 of the Dungeon.
             The game lasted 00:08:34 (4324 turns).

FexLirch the Ruffian (Ghoul Monk)                   Turns: 4324, Time: 00:08:34

Health: -4/61      AC: -6    Str: 17    XL:     7   Next: 79%
Magic:  7/7        EV: 13    Int:  9    God:
Gold:   255        SH:  5    Dex: 11    Spells: 5/6 levels left

rFire   . .          .
                       - Unarmed
rCold   + . .        c - orb {light}
rNeg    + + +        a - +0 robe
rPois   ∞            (no helmet)
rElec   .            v - scarf {harm}
rCorr   .            (no gloves)
SInv    .            (no boots)
Will    .....        q - amulet of reflection
Stlth   +            (no ring)
HPRegen 0.00/turn    (no ring)
MPRegen 0.10/turn

%: harm (+30% outgoing, +20% incoming), reflection
@: corroded, inhibited regen, glowing
A: claws 1, cold resistance 1, negative energy resistance 3, inhibited
regeneration, torment resistance 2, devour on kill
a: no special abilities


You were on level 4 of the Dungeon.
You visited 1 branch of the dungeon, and saw 5 of its levels.

You collected 255 gold pieces.

Inventory:

Missiles
 d - 2 throwing nets
 h - 42 stones
Armour
 a - a +0 robe (worn)
 c - an orb of light (worn)
 t - an orb of energy
 v - a scarf of harm (worn)
Jewellery
 l - an amulet of faith
 q - an amulet of reflection (around neck)
Wands
 o - a wand of mindburst (19)
 y - a wand of charming (10)
Scrolls
 e - 3 scrolls of noise
 f - 2 scrolls of teleportation
 g - 2 scrolls of immolation {unknown}
 i - a scroll of enchant weapon
 s - 2 scrolls of vulnerability
 x - a scroll of poison {unknown}
Potions
 b - a potion of ambrosia
 j - a potion of cancellation {unknown}
 m - a potion of invisibility {unknown}
 n - 2 potions of lignification
 p - a potion of mutation {unknown}
 r - a potion of brilliance {unknown}
 u - 2 potions of haste {unknown}
 w - a potion of might {unknown}
 A - a potion of curing {unknown}


   Skills:
 + Level 5.6 Fighting
 + Level 4.6 Dodging
 * Level 7.3 Unarmed Combat


You had 5 spell levels left.
You knew the following spells:

 Your Spells              Type           Power      Damage    Failure   Level
a - Necrotise             Necr           0%         1d4       38%         1

Your spell library contained the following spells:

 Spells                   Type           Power      Damage    Failure   Level
 Sandblast                Erth           0%         2d4       38%         1
 Call Imp                 Summ           0%         N/A       52%         2
 Ensorcelled Hibernation  Hex/Ice        0%         N/A       52%         2
 Fugue of the Fallen      Necr           0%         N/A       77%         3
 Ozocubu's Armour         Ice            0%         N/A       77%         3
 Passwall                 Erth           0%         N/A       77%         3
 Stone Arrow              Conj/Erth      0%         3d7       77%         3
 Vampiric Draining        Necr           0%         2d6       77%         3
 Anguish                  Hex/Necr       0%         N/A       99%         4
 Brom's Barrelling Bould  Conj/Erth      0%         2d3       99%         4
 Martyr's Knell           Necr/Summ      0%         N/A       99%         4
 Curse of Agony           Necr           0%         N/A       100%        5
 Metabolic Englaciation   Hex/Ice        0%         N/A       100%        5
 Sculpt Simulacrum        Ice/Alch       0%         N/A       100%        6
 Summon Hydra             Summ           0%         N/A       100%        7
 Sublimation of Blood     Necr           Unusable   N/A       N/A         2

Dungeon Overview and Level Annotations

Branches:
Dungeon (5/15)
 Temple: D:4-7

Altars:
Fedhas
Trog


Innate Abilities, Weirdness & Mutations

You are immune to poison.
You have sharp fingernails.
Your flesh is cold resistant. (rC+)
You are immune to negative energy. (rN+++)
You do not regenerate when monsters are visible.
You are immune to unholy pain and torment.
You thrive by killing the living.


Message History

You are too injured to fight recklessly!
You are too injured to fight recklessly!
You are too injured to fight recklessly!
You claw the orc!
You kill the orc!
The hound closely misses you. The orc barely misses you.
The hound barely misses you.
Things that are here:
a +0 flail; a +0 club; a gnoll skeleton You claw the hound!
You kill the hound!
You feel better.
You scratch the orc.
The orc is almost dead.
The orc misses you.
You claw the orc!
You kill the orc!
There is a stone staircase leading down, spattered with blood here.
Items here: ) [ ††.
You climb downwards.
The jelly closely misses you.
There is a stone staircase leading up here.
The jelly hits you. The acid corrodes you!
You are splashed with acid!
You climb upwards.
There is a stone staircase leading down, spattered with blood here.
Items here: ) [ ††.
You scratch the jelly but do no damage.
Your claws burn!
The jelly barely misses you.
You scratch the jelly.
Your claws burn!
The jelly is lightly wounded.
The jelly hits you.
* * * LOW HITPOINT WARNING * * *
You are splashed with acid!
* * * LOW HITPOINT WARNING * * *
You scratch the jelly.
Your claws burn!
* * * LOW HITPOINT WARNING * * *
The jelly is moderately wounded.
The jelly hits you.
* * * LOW HITPOINT WARNING * * *
The acid corrodes you!
You are splashed with acid!
You die...

...####.## #.# #.# #.#.# # ...#
#.# #.###.### #.#.# ...####.#
#)#.....# #.#.# ........#
#.#.....#####.#.##
#..###########........).......###
#....................#####.......
#..##########..#.................
#..# #..############....#. #..#
#[[J@.# #.#.##. #..###### #.###.#
#...... #.......# #.# #.# ###.##.
##.####.# #.# #.# ##.#.
#.####.#####.# #.# ##..
#.....!......# #.# ###
######.#########.# #...........#
#############


You could see a jelly.

Vanquished Creatures
  A phantom (D:5)
  Blork the orc (D:5)
  3 scorpions
  A howler monkey (D:5)
  3 hounds (D:4)
  A bombardier beetle (D:4)
  An orc priest (D:4)
  3 orc wizards
  5 gnolls
  3 adders
  A ribbon worm (D:4)
  2 dart slugs
  11 orcs
  7 endoplasms
  4 giant cockroaches
  5 goblins
  6 hobgoblins
  4 jackals
  3 quokkas
  6 ball pythons
  10 bats
  A frilled lizard (D:1)
  5 kobolds
  4 rats
91 creatures vanquished.

Notes
Turn   | Place    | Note
-------+----------+-------------------------------------------
     0 | D:1      | FexLirch the Ghoul Monk began the quest for the Orb.
     0 | D:1      | Reached XP level 1. HP: 19/19 MP: 1/1
    55 | D:1      | Reached XP level 2. HP: 26/26 MP: 2/2
   262 | D:1      | Reached XP level 3. HP: 31/31 MP: 3/3
   270 | D:1      | Reached skill level 4 in Unarmed Combat
   350 | D:1      | Learned a level 1 spell: Necrotise
   953 | D:2      | Found a bloodstained altar of Trog.
  1215 | D:2      | Reached XP level 4. HP: 39/40 MP: 4/4
  2570 | D:4      | Reached skill level 5 in Unarmed Combat
  2570 | D:4      | Reached XP level 5. HP: 46/46 MP: 2/5
  2858 | D:4      | Reached XP level 6. HP: 42/53 MP: 6/6
  3132 | D:4      | Found a blossoming altar of Fedhas.
  3527 | D:5      | Entered Level 5 of the Dungeon
  3590 | D:5      | Reached skill level 6 in Unarmed Combat
  3691 | D:5      | Reached skill level 5 in Fighting
  3785 | D:5      | Noticed Blork the orc
  3795 | D:5      | Killed Blork the orc
  3796 | D:5      | Reached XP level 7. HP: 49/61 MP: 7/7
  4103 | D:4      | Reached skill level 7 in Unarmed Combat
  4324 | D:4      | Splashed by a jelly's acid

Illustrated notes

Levels and vault maps discovered:
D:1:      minmay_arrival_three_doors, layout_loops_ring,
          minmay_indecisive_spiral
D:2:      layout_loops_cross, basic_altar
D:3:      layout_basic
D:4:      layout_loops_ring, fedhas_altar_4, hangedman_decor_lopped,
          chequers_serial_rivers_micro_b, minmay_liquid_box
D:5:      lemuel_insect_pit, layout_basic, nicolae_nh_ransacked_shop,
          uniq_blork_the_orc

Skill      XL: |  1  2  3  4  5  6  7 |
---------------+----------------------+-----
Dodging        | 3 4 |  4.6
Unarmed Combat | 4 5 6 7 |  7.3
Fighting       | 4 5 |  5.6

Action                     |  1- 3 |  4- 6 |  7- 9 || total
---------------------------+-------+-------+-------++-------
  Melee: Unarmed           |    95 |   127 |    40 ||   262
  Throw: Throwing net      |     1 |       |       ||     1
   Cast: Necrotise         |     6 |     1 |     1 ||     8
  Evoke: Wand              |       |     1 |       ||     1
    Use: Scroll            |       |       |     6 ||     6
   Stab: Held in net/web   |     1 |       |       ||     1
 Armour: Robe              |    47 |    60 |    31 ||   138
  Dodge: Dodged            |    73 |    82 |    26 ||   181
